 Dungeon Crawl Stone Soup version 0.10.4 character file.

7424 CodaKJazz the Spear-Bearer (level 10, 0/82 (86) HPs)
             Began as a Minotaur Fighter on July 21, 2023.
             Was a High Priest of Okawaru.
             Killed from afar by Nessos (9 damage)
             ... with a wand of lightning
             ... on Level 11 of the Dungeon on July 22, 2023.
             The game lasted 00:42:19 (10606 turns).

CodaKJazz the Spear-Bearer (Minotaur Fighter)      Turns: 10606, Time: 00:42:19

HP   0/82 (86)   AC 19     Str 29      XL: 10   Next: 96%
MP   9/9         EV  3     Int  6      God: Okawaru [*****.]
Gold 499         SH 42     Dex  8      Spells:  0 memorised,  9 levels left

Res.Fire  : + . .   See Invis. : .   a - +3,+2 orc trident
Res.Cold  : . . .   Warding    : . . O - +1 crystal plate armour
Life Prot.: . . .   Conserve   : .   o - -1 large shield
Res.Acid. : . . .   Res.Corr.  : .   (helmet restricted)
Res.Poison: .       Clarity    : .   (no cloak)
Res.Elec. : .       Spirit.Shd : .   e - +1 pair of orc gloves {Str+3}
Sust.Abil.: . .     Stasis     : .   E - +0 pair of boots "Fainea" {rF+}
Res.Mut.  : .       Ctrl.Telep.: .   (no amulet)
Res.Rott. : .       Levitation : .   (no ring)
Saprovore : . . .   Ctrl.Flight: .   u - ring of regeneration

@: heroism, somewhat resistant to hostile enchantments, extremely unstealthy
A: retaliatory headbutt, horns 2, deformed body, fast metabolism 1, Str +1, Int
+1, Dex -1
a: Heroism, Finesse, Renounce Religion


You were on level 11 of the Dungeon.
You worshipped Okawaru.
Okawaru was extremely pleased with you.
You were not hungry.

You visited 2 branches of the dungeon, and saw 13 of its levels.
You visited 1 Labyrinth.
You visited 1 portal chamber: sewer.

You collected 479 gold pieces.

Inventory:

Hand weapons
 a - a +3,+2 orcish trident (weapon)
 b - a -2 blowgun
 w - a +5,+7 elven short sword of venom
 Q - the +6,+5 war axe "Howad" {drain, +Rage +Lev rC- Dex+2}
   (You found it in a Labyrinth)

   A truly terrible weapon, it drains the life of those it strikes.
   It affects your dexterity (+2).
   It makes you vulnerable to cold.
   It lets you levitate.
   It lets you go berserk.
Missiles
 f - 34 +0 sling bullets
 h - 127 +0 stones
 i - a -2 throwing net
 m - 113 +0 darts (quivered)
 F - 24 poisoned +0 needles
 V - a curare-tipped +0 needle
Armour
 e - a +1 pair of orcish gloves of strength (worn)
 l - a +0 plate armour
 o - a -1 large shield (worn)
 t - a cursed +1 pair of dwarven boots
 D - a +2 chain mail of magic resistance
 E - the +0 pair of boots "Fainea" (worn) {rF+}
   (You acquired it on level 6 of the Dungeon)

   It protects you from fire.
 O - a +1 crystal plate armour (worn)
Magical devices
 n - a wand of fireball (5)
 y - a wand of flame (17)
 C - a wand of teleportation (0)
 G - a wand of digging (5)
 L - a wand of hasting (2)
 U - a wand of digging (5)
 W - a wand of flame (9)
Comestibles
 d - 9 bread rations
 s - 3 meat rations
Scrolls
 c - 3 scrolls of fog
 k - a scroll of magic mapping
 r - 4 scrolls of teleportation
 z - a scroll of curse jewellery
 B - 5 scrolls of identify
 N - a scroll of random uselessness
 T - a scroll of detect curse {unknown}
Jewellery
 u - a ring of regeneration (left hand)
 x - an uncursed amulet of rage {unknown}
 J - an uncursed ring of protection from fire {unknown}
 K - an uncursed amulet of faith {unknown}
Potions
 p - a potion of poison
 q - 4 potions of levitation
 v - a potion of might
 A - 2 potions of brilliance
 H - 3 potions of resistance
 S - a potion of speed
Books
 j - a book of Maledictions

   Spells                             Type                      Level
   Corona                             Hexes                        1
   Sure Blade                         Hexes/Charms                 2
   Ensorcelled Hibernation            Hexes/Ice                    2
   Confuse                            Hexes                        3
   Enslavement                        Hexes                        4
   Invisibility                       Hexes                        6
 I - a book of the Dragon

   Spells                             Type                      Level
   Flight                             Charms/Air                   3
   Cause Fear                         Hexes                        4
   Bolt of Fire                       Conjuration/Fire             6
   Dragon Form                        Fire/Transmutation           7
   Summon Dragon                      Summoning                    9
 R - a Young Poisoner's Handbook

   Spells                             Type                      Level
   Sting                              Conjuration/Poison           1
   Cure Poison                        Poison                       2
   Mephitic Cloud                     Conjuration/Poison/Air       3
   Olgreb's Toxic Radiance            Poison                       4
   Venom Bolt                         Conjuration/Poison           5
Magical staves
 P - a cursed +3 rod of demonology (9/9) {unknown}
   (You found it in a Labyrinth)


   Skills:
 * Level 9.3(14.3) Fighting
 - Level 13.2(18.2) Polearms
 - Level 2.0(7.0) Throwing
 - Level 7.0(12.0) Armour
 - Level 2.9(7.9) Dodging
 + Level 10.7(15.7) Shields
 + Level 3.6 Invocations
 - Level 3.9 Evocations


You had 9 spell levels left.
You didn't know any spells.

Dungeon Overview and Level Annotations

Branches:
Dungeon (12/27)            Temple (1/1) D:5
    Orc: D:6-11        Lair: D:8-13

Altars:
Ashenzari
Cheibriados
Elyvilon
Fedhas
Kikubaaqudgha
Makhleb
Nemelex Xobeh
Okawaru
Sif Muna
The Shining One
Trog
Vehumet
Xom
Yredelemnul
Zin

Annotations
D:7 exclusion: downstairs
D:9 exclusion: 2 downstairs
D:10 Joseph, Jozef, Urug
D:11 Nessos


Innate Abilities, Weirdness & Mutations

You reflexively headbutt those who attack you in melee.
You have a pair of horns on your head.
Your mind is acute (Int +1).
Armour fits poorly on your strangely shaped body.
You have a fast metabolism.
Your muscles are strong, but stiff (Str +1, Dex -1).


Message History

* * * LOW HITPOINT WARNING * * *
Nessos blinks!
Evoke which item? (* to show all) (? for menu, Esc to quit)
Okay, then.
Evoke which item? (* to show all) (? for menu, Esc to quit)
Okay, then.
Drink which item? (? for menu, Esc to quit)
Okay, then.
Evoke which item? (* to show all) (? for menu, Esc to quit)
Okay, then.
Unknown command.
Unknown command.
Evoke which item? (* to show all) (? for menu, Esc to quit)
Zapping:
n - a wand of fireball {zapped: 5}
Press: ? - help, Shift-Dir - straight line, f/p - Nessos
Aim: Nessos, wielding a longbow of flame, wearing a centaur barding and carrying a wand of lightning {zapped: 2} (severely wounded, moving very quickly)
The fireball explodes!
The fireball engulfs Nessos.
Nessos is almost dead.
Nessos zaps a wand.
The bolt of lightning hits you!
You die...

#..(..[...#
#.........#
#.........#
#.........##
#....c.....#
#..........#
####.....#.#
###.#####.#
#..@......#
#.(.#######
#(..#
#...'.....
#.!ยง#####
#.....
#..(.##
#....#
#.(..#


You could see Nessos.

Vanquished Creatures
  A minotaur (Lab)
  Harold (D:12)
  A draconian (D:8)
  Pikel (D:3)
  A griffon zombie (D:12)
  Psyche (D:8)
  Grinder (D:6)
  A troll (D:11)
  Sonja (D:12)
  Eustachio (D:6)
  Grum (D:12)
  A blink frog skeleton (D:12)
  A hippogriff (D:8)
  A merfolk (D:11)
  A hungry ghost (D:9)
  Edmund (D:8)
  2 necrophages
  2 war dogs (D:12)
  A manticore (D:8)
  4 orc warriors
  3 sky beasts
  3 slaves (D:3)
  2 ogres
  A phantom (D:6)
  An ice beast (D:9)
  Duvessa (D:4)
  A centaur (D:9)
  2 big kobolds
  Blork the orc (D:6)
  6 giant frogs
  A water moccasin skeleton (D:8)
  A killer bee (D:12)
  A big kobold zombie (D:12)
  7 crimson imps
  3 goliath beetles
  Dowan (D:4)
  A hound zombie (D:8)
  4 big fish
  3 iguanas
  A gnoll shaman (D:10)
  6 orc priests
  5 hounds
  4 worker ants
  4 scorpions
  13 orc wizards
  2 jellies
  A mummy (D:9)
  3 gnolls (D:10)
  7 adders
  A giant centipede zombie (D:8)
  A green rat (D:6)
  A lemure (D:6)
  A shadow imp (D:6)
  8 giant mites
  3 adder skeletons
  7 worms
  2 ufetubi (D:6)
  A giant eyeball (D:9)
  3 giant geckos
  4 oozes (Port)
  29 orcs
  6 ball pythons
  32 bats
  12 giant cockroaches
  11 goblins
  15 hobgoblins
  8 quokkas
  A giant gecko skeleton (D:4)
  5 giant newts
  11 jackals
  A jackal skeleton (D:4)
  14 kobolds
  A kobold skeleton (D:4)
  2 orc skeletons
  14 rats
  3 toadstools
311 creatures vanquished.

Vanquished Creatures (others)
  An adder (D:3)
  An orc (D:11)
  A giant newt (D:2)
  A giant spore (D:8)
  A fungus (D:6)
  7 toadstools
12 creatures vanquished.

Grand Total: 323 creatures vanquished

Notes
Turn   | Place    | Note
--------------------------------------------------------------
     0 | D:1      | CodaKJazz, the Minotaur Fighter, began the quest for the Orb.
     0 | D:1      | Reached XP level 1. HP: 19/19 MP: 0/0
   247 | D:2      | Reached XP level 2. HP: 24/26 MP: 0/0
   437 | D:3      | Reached skill level 4 in Shields
  1046 | D:1      | Reached XP level 3. HP: 20/33 MP: 1/1
  2064 | D:4      | Noticed Pikel
  2258 | D:4      | Noticed Dowan
  2393 | D:3      | Reached XP level 4. HP: 39/39 MP: 1/1
  2477 | D:3      | Reached skill level 5 in Polearms
  2477 | D:3      | Reached XP level 5. HP: 46/46 MP: 1/1
  2558 | D:4      | Reached skill level 6 in Polearms
  2619 | D:5      | Entered Level 5 of the Dungeon
  2699 | D:5      | Found a staircase to the Ecumenical Temple.
  2705 | Temple   | Entered the Ecumenical Temple
  2855 | Temple   | Became a worshipper of Warmaster Okawaru
  3011 | D:4      | Noticed Duvessa
  3079 | D:4      | Killed Duvessa
  3079 | D:4      | Reached XP level 6. HP: 21/50 MP: 2/2
  3176 | D:3      | Gained mutation: Your muscles are strong, but stiff (Str +1, Dex -1).
  3176 | D:3      | Gained mutation: Armour fits poorly on your strangely shaped body.
  3176 | D:3      | Gained mutation: You have a fast metabolism.
  3215 | D:3      | Killed Pikel
  3215 | D:3      | Reached skill level 8 in Polearms
  3215 | D:3      | Reached XP level 7. HP: 37/56 MP: 2/2
  3622 | D:5      | Reached skill level 9 in Polearms
  3715 | D:5      | Found a glowing drain.
  3729 | D:5      | Reached XP level 8. HP: 63/63 MP: 2/2 3733
                  | sewer
                  | Entered the sewers 3865
                  | sewer
                  | Acquired Okawaru's first power
  5096 | D:5      | Got a steaming leather armour
  5106 | D:5      | Identified the +1 leather armour of Xynaro (You found it on level 5 of the Dungeon)
  5455 | D:6      | Noticed Grinder
  5465 | D:6      | Paralysed by Grinder for 3 turns
  5476 | D:6      | Killed Grinder
  5508 | D:6      | Reached skill level 10 in Polearms
  5577 | D:6      | Noticed Blork the orc
  5591 | D:6      | Killed Blork the orc
  5621 | D:6      | Got a pair of shimmering boots
  5625 | D:6      | Identified the +0 pair of boots "Fainea" (You acquired it on level 6 of the Dungeon)
  5639 | D:6      | Noticed Eustachio
  5673 | D:6      | Killed Eustachio
  5852 | D:6      | Reached XP level 9. HP: 62/72 MP: 3/3
  6127 | D:6      | Gained mutation: Your mind is acute (Int +1).
  7113 | D:8      | Noticed Edmund
  7128 | D:8      | Killed Edmund
  7128 | D:8      | Reached skill level 11 in Polearms
  7211 | D:8      | Noticed Psyche
  7217 | D:8      | Killed Psyche
  7363 | D:8      | Found a snail-covered altar of Cheibriados.
  7597 | D:4      | Killed Dowan
  7938 | D:11     | Reached XP level 10. HP: 66/78 MP: 4/6
  8077 | D:11     | Noticed Nessos
  8084 | D:10     | Entered Level 10 of the Dungeon
  8102 | D:10     | Noticed a rock worm
  8202 | D:10     | Acquired Okawaru's second power
  8238 | D:10     | Noticed Urug
  8239 | D:10     | Noticed Joseph
  8336 | D:9      | Paralysed by a giant eyeball for 3 turns
  8343 | D:9      | Paralysed by a giant eyeball for 3 turns
  8620 | D:8      | HP: 3/78 [draconian/spear (14)]
  8622 | D:8      | Reached skill level 12 in Polearms
  8879 | D:10     | Noticed Jozef
  9206 | D:12     | Noticed Sonja
  9703 | D:12     | Killed Sonja
  9704 | D:12     | Noticed Harold
  9709 | D:12     | Found a labyrinth entrance.
  9712 | D:12     | Noticed Grum
  9723 | Lab      | Entered a Labyrinth
 10122 | Lab      | Reached skill level 13 in Polearms
 10156 | Lab      | Got a fine war axe
 10157 | Lab      | Identified the war axe "Howad" {drain, +Rage +Lev rC- Dex+2} (You found it in a Labyrinth)
 10393 | D:12     | Killed Grum
 10446 | D:12     | Killed Harold
 10606 | D:11     | Killed from afar by Nessos
